 Dungeon Crawl Stone Soup version 0.29-a0-1052-g6990b1bffc (webtiles) character file.

Game seed: 5665747629816567446

12215 Zeldest the Summoner (level 12, 0/154 HPs)
             Began as a Meteoran Transmuter on Aug 17, 2022.
             Was a Follower of Cheibriados.
             Slain by a death yak (19 damage)
             ... on level 5 of the Lair of Beasts on Aug 18, 2022.
             The game lasted 00:39:24 (3783 turns).

Zeldest the Summoner (Meteoran Transmuter)          Turns: 3783, Time: 00:39:24

Health: 0/154      AC: 26    Str: 16    XL:     12   Next: 46%
Magic:  5/20       EV:  2    Int: 23    God:    Cheibriados [*.....]
Gold:   388        SH:  5    Dex: 19    Spells: 2/21 levels left

rFire   . . .      SeeInvis .   a - +7 quarterstaff of Poverty {vorpal, rElec Dex+2}
rCold   . . .      Faith    .   (shield currently unavailable)
rNeg    . . .      Spirit   .   (body armour currently unavailable)
rPois   +          Reflect  +   (helmet currently unavailable)
rElec   +          Harm     .   (cloak currently unavailable)
rCorr   +          Rampage  .   (gloves currently unavailable)
Will    +....      NoTele   +   (boots currently unavailable)
Stlth   +.........              g - amulet of reflection
HPRegen 0.35/turn               q - ring of resist corrosion
MPRegen 0.17/turn               x - ring of wizardry

@: tree-form, wereblooded, glowing, very slow
A: stationary, stasis, torment immunity, boosted hp, sense surroundings 2,
otherworldly, glowing, explore regen
a: Renounce Religion, Bend Time


You were on level 5 of the Lair of Beasts.
You worshipped Cheibriados.
Cheibriados was aware of your devotion.
You were a tree.
You visited 3 branches of the dungeon, and saw 15 of its levels.
You also visited: Gauntlet.

You collected 478 gold pieces.
You spent 90 gold pieces at shops.

Inventory:

Hand Weapons
 a - the +7 quarterstaff of Poverty (weapon) {vorpal, rElec Dex+2}
   (You found it on level 3 of the Dungeon)

   It inflicts extra damage upon your enemies.
   Dex:       It affects your dexterity (+2).
   rElec:     It insulates you from electricity.
 b - the +7 quarterstaff "Poihog" {drain, Fly rCorr Str-3 Dex+4}
   (You found it on level 6 of the Dungeon)

   A truly terrible weapon, it drains the life of any living foe it strikes.
   Str:       It affects your strength (-3).
   Dex:       It affects your dexterity (+4).
   Fly:       It grants you flight.
   rCorr:     It protects you from acid and corrosion.
Missiles
 t - 3 throwing nets
Armour
 m - a +0 pair of boots (melded)
 o - a +2 cloak (melded)
 v - a +0 robe (melded)
Jewellery
 g - an amulet of reflection (around neck)
 q - a ring of resist corrosion (left branch)
 u - the amulet "Siakawki" {Faith +Blink Will- Int+3}
   (You took it off a gnoll on level 5 of the Dungeon)

   [amulet of faith]

   It allows you to gain divine favour quickly.
   Int:       It affects your intelligence (+3).
   +Blink:    It lets you blink.
   Will:      It decreases your willpower.
 x - a ring of wizardry (right branch)
Scrolls
 d - a scroll of enchant weapon {unknown}
 e - 2 scrolls of summoning {unknown}
 f - 2 scrolls of teleportation
 i - 2 scrolls of amnesia {unknown}
 k - 3 scrolls of identify
 l - 3 scrolls of immolation {unknown}
 r - a scroll of butterflies {unknown}
 s - 2 scrolls of enchant armour {unknown}
 w - 3 scrolls of noise {unknown}
 y - a scroll of magic mapping
 A - a scroll of poison {unknown}
Potions
 h - 3 potions of brilliance
 j - 2 potions of mutation
 p - a potion of lignification
 z - a potion of magic {unknown}


   Skills:
 + Level 8.8 Fighting
 - Level 4.6 Staves
 - Level 2.4 Dodging
 + Level 9.1 Unarmed Combat
 - Level 5.0 Spellcasting
 - Level 3.0 Hexes
 + Level 11.1 Summonings
 - Level 6.0 Translocations
 + Level 8.6 Transmutations
 + Level 7.5 Air Magic


You had 2 spell levels left.
You knew the following spells:

 Your Spells              Type           Power      Damage    Failure   Level
a - Beastly Appendage     Tmut           90%        N/A       1%          1
b - Wereblood             Tmut           45%        N/A       1%          2
c - Summon Forest         Summ/Tloc      22%        N/A       3%          5
d - Summon Mana Viper     Hex/Summ       38%        N/A       6%          5
e - Ice Form              Ice/Tmut       25%        N/A       6%          4
f - Blink                 Tloc           66%        N/A       1%          2

Your spell library contained the following spells:

 Spells                   Type           Power      Damage    Failure   Level
 Magic Dart               Conj           20%        1d4       4%          1
 Searing Ray              Conj           10%        2d4       6%          2
 Sublimation of Blood     Necr           5%         N/A       6%          2
 Spider Form              Tmut/Pois      25%        N/A       1%          3
 Summon Cactus Giant      Summ           27%        N/A       6%          6
 Manifold Assault         Tloc           33%        N/A       9%          5
 Fulminant Prism          Conj/Hex       6%         3d7       21%         4
 Summon Hydra             Summ           27%        N/A       32%         7
 Storm Form               Tmut/Air       21%        N/A       71%         7


Dungeon Overview and Level Annotations

Branches:
Dungeon (9/15) Zot: 4209   Temple (1/1) D:6 Zot: 882    Lair (5/5) D:9 Zot: 3090
  Slime (0/5) Lair:4      Gauntlet (visited)
  Swamp: Lair:2-3    Shoals: Lair:2-3     Snake: Lair:2-3    Spider: Lair:2-3
    Orc: D:9-12

Altars:
Cheibriados
Dithmenos
Elyvilon
Fedhas
Gozag
Hepliaklqana
Kikubaaqudgha
Makhleb
Nemelex Xobeh
Qazlal
Ru
Sif Muna
Trog
Uskayaw
Vehumet
Xom
Yredelemnul
Zin
The Shining One

Shops:
D:4 *   D:5 ([*   D:8 (

Annotations:
Lair:4 exclusion: 2 oklob plants


Innate Abilities, Weirdness & Mutations

You are a tree.
Your roots penetrate the ground, keeping you stationary.
You cannot be teleported.
You are immune to unholy pain and torment.
Your maximum health is greatly increased.
Your equipment is partially melded.
You passively map the area around you.
You are easily found by Zot.
You glow in the dark.
You regain HP and MP as you explore.


Message History

The death yak is severely wounded.
The death yak gores you!
You barely miss the death yak.
The death yak is severely wounded.
The death yak gores you but does no damage.
You hit the death yak.
The death yak is severely wounded.
You hit the death yak but do no damage. You hit the death yak.
The death yak is lightly wounded.
The death yak gores you!
You sock the death yak!
The death yak is moderately wounded.
Space becomes stable.
The death yak gores you!
* * * LOW HITPOINT WARNING * * *
You feel much better. The death yak gores you.
You aren't carrying any items that you can evoke.
Okay, then.
Okay, then.
You hit the death yak.
The death yak is moderately wounded.
The death yak gores you!! The death yak gores you!
* * * LOW HITPOINT WARNING * * *
You completely miss the death yak.
The death yak is moderately wounded.
The death yak gores you!
* * * LOW HITPOINT WARNING * * *
As you read the scroll labelled QUOTUN LYOSSE, it crumbles to dust.
It is a scroll of identify.
c - 4 potions of curing The death yak gores you.
* * * LOW HITPOINT WARNING * * *
You feel better. The death yak gores you!!
* * * LOW HITPOINT WARNING * * *
You feel better. You block the death yak's attack.
You feel better. The death yak gores you!
* * * LOW HITPOINT WARNING * * *
You feel better. The death yak gores you!!
You die...

#.♣###...≈..#
*#.#.#..<≈≈#* *
##...~~≈≈≈#
#.#....~♣##
♣......~.#
***#♣....YY###
♣..##.....DY####
#...!..!..YYY#.#
* *
.....♣...####♣#,
, .........#
##...# ,,
.......### ..##
,....#♣♣ #...
.P.. ##.. * .♣P
#..# ,*#* #.# **
#. * **


You could see 6 death yaks and a six-headed hydra.

Vanquished Creatures
  An elephant (D:9)
  5 cane toads
  3 komodo dragons
  2 rime drakes (Lair:2)
  A polar bear (Lair:2)
  A hornet (D:7)
  Grinder (D:4)
  A dream sheep (Lair:3)
  A wyvern (D:8)
  4 yaks
  A nameless horror (Lair:2)
  A steam dragon (D:8)
  2 water moccasins
  An ice beast (D:5)
  2 black bears
  An orc warrior (D:8)
  2 wolves (Lair:1)
  2 centaurs (D:7)
  A phantom (D:4)
  10 bullfrogs
  3 necrophages
  A scorpion (D:5)
  4 killer bees (D:7)
  A howler monkey (D:7)
  A hound (D:5)
  An orc priest (D:6)
  Jessica (D:3)
  4 iguanas
  Terence (D:3)
  2 orc wizards
  8 gnolls
  6 adders
  A shadow imp (D:6)
  24 orcs
  2 endoplasms
  5 goblins
  10 hobgoblins
  2 jackals (D:2)
  A quokka (D:4)
  4 ball pythons
  3 bats
  2 frilled lizards (D:3)
  3 kobolds
  4 rats
137 creatures vanquished.

Vanquished Creatures (collateral kills)
  A hydra (Lair:4)
  A black mamba (Lair:4)
  A cane toad (Lair:2)
  A rime drake (Lair:3)
  A komodo dragon (Lair:4)
  A polar bear (Lair:3)
  3 dream sheep (Lair:3)
  7 yaks
  A wyvern (D:9)
  2 basilisks
  A water moccasin (Lair:3)
  4 wolves (Lair:1)
  A centaur (D:9)
  A kobold brigand (D:8)
  2 bullfrogs (Lair:1)
  5 wights (D:8)
  3 howler monkeys (D:8)
  An orc wizard (D:8)
  4 orcs (D:8)
  A kobold (D:8)
42 creatures vanquished.

Vanquished Creatures (others)
  A gnoll sergeant (D:8)
  An orc (D:8)
  13 fungi
  10 plants
  3 snaplasher vines
28 creatures vanquished.

Grand Total: 207 creatures vanquished

Notes
Turn   | Place    | Note
-------+----------+-------------------------------------------
     0 | D:1      | Zeldest the Meteoran Transmuter began the quest for the
                  | Orb.
     0 | D:1      | Reached XP level 1. HP: 16/16 MP: 5/5
    44 | D:2      | Reached XP level 2. HP: 21/23 MP: 4/6
    53 | D:2      | Learned a level 2 spell: Wereblood
   375 | D:2      | Found a faded altar of an unknown god.
   407 | D:2      | Reached XP level 3. HP: 12/28 MP: 5/8
   555 | D:3      | Reached skill level 1 in Summonings
   583 | D:3      | Reached XP level 4. HP: 36/36 MP: 7/9
   605 | D:3      | Identified the +7 quarterstaff of Poverty {vorpal, rElec
                  | Dex+2}
   650 | D:3      | Reached skill level 1 in Hexes
   661 | D:3      | Noticed Terence
   668 | D:3      | Killed Terence
   669 | D:3      | Reached skill level 2 in Summonings
   669 | D:3      | Reached skill level 1 in Translocations
   674 | D:3      | Reached XP level 5. HP: 18/41 MP: 11/11
   674 | D:3      | Noticed Jessica
   704 | D:3      | Found a stormy altar of Qazlal.
   711 | D:3      | Killed Jessica
   712 | D:3      | Reached skill level 1 in Staves
   854 | D:4      | Noticed Grinder
   877 | D:4      | Noticed a phantom
   886 | D:4      | Killed a phantom
   887 | D:4      | Reached XP level 6. HP: 31/49 MP: 9/12
   913 | D:4      | Reached skill level 3 in Summonings
  1025 | D:4      | Found Lauditur's Assorted Antiques.
  1047 | D:4      | Killed Grinder
  1048 | D:4      | Reached XP level 7. HP: 57/57 MP: 11/14
  1101 | D:4      | Reached skill level 4 in Summonings
  1169 | D:5      | Entered Level 5 of the Dungeon
  1209 | D:5      | Found Megeurgh's Antique Weapon Shop.
  1238 | D:5      | Reached XP level 8. HP: 62/63 MP: 12/15
  1428 | D:5      | Identified the amulet "Siakawki" {Faith +Blink Will- Int+3}
  1433 | D:5      | Reached skill level 5 in Summonings
  1536 | D:5      | Found Zuwez's Armour Emporium.
  1542 | D:5      | Reached skill level 5 in Spellcasting
  1607 | D:5      | Found Aquefainn's General Store.
  1616 | D:5      | Bought a scroll of magic mapping for 90 gold pieces
  1665 | D:6      | Reached skill level 6 in Summonings
  1770 | D:6      | Gained mutation: You passively map the area around you.
                  | [Meteoran growth]
  1770 | D:6      | Reached XP level 9. HP: 47/72 MP: 17/17
  1788 | D:6      | Identified the +7 quarterstaff "Poihog" {drain, Fly rCorr
                  | Str-3 Dex+4}
  1816 | D:6      | Found a staircase to the Ecumenical Temple.
  1824 | Temple   | Entered the Ecumenical Temple
  1860 | D:6      | Found an ancient bone altar of Kikubaaqudgha.
  1863 | D:6      | Found a burning altar of Makhleb.
  1864 | D:6      | Found a glowing silver altar of Zin.
  1917 | D:7      | Noticed a hornet
  1934 | D:7      | Killed a hornet
  1943 | D:7      | Reached skill level 7 in Summonings
  2177 | D:7      | Reached skill level 5 in Fighting
  2218 | D:7      | Reached skill level 5 in Translocations
  2239 | D:7      | Learned a level 5 spell: Summon Forest
  2245 | D:7      | Learned a level 5 spell: Summon Mana Viper
  2250 | D:7      | Learned a level 4 spell: Ice Form
  2269 | D:8      | Found Naver's Antique Weapon Emporium.
  2305 | D:9      | Noticed an elephant
  2322 | D:9      | Reached skill level 1 in Air Magic
  2326 | D:9      | Found a staircase to the Lair.
  2332 | D:9      | Killed an elephant
  2333 | D:9      | Reached skill level 5 in Unarmed Combat
  2333 | D:9      | Reached skill level 8 in Summonings
  2333 | D:9      | Reached XP level 10. HP: 61/82 MP: 6/18
  2344 | Lair:1   | Entered Level 1 of the Lair of Beasts
  2358 | Lair:1   | Learned a level 2 spell: Blink
  2367 | Lair:2   | Noticed a cane toad
  2367 | Lair:2   | Noticed a komodo dragon
  2373 | Lair:2   | Killed a komodo dragon
  2373 | Lair:2   | Killed a cane toad
  2374 | Lair:2   | Reached skill level 5 in Transmutations
  2389 | Lair:2   | Found a gate leading to a gauntlet.
  2393 | Lair:2   | Noticed a rime drake
  2395 | Lair:2   | Noticed a cane toad
  2398 | Lair:2   | Killed a rime drake
  2399 | Lair:2   | Noticed a nameless horror
  2402 | Lair:2   | Killed a cane toad
  2403 | Lair:2   | Reached skill level 9 in Summonings
  2409 | Lair:2   | Killed a nameless horror
  2415 | Gauntlet | Entered a Gauntlet
  2415 | Gauntlet | Found a transporter.
  2423 | Gauntlet | Found a transporter.
  2430 | Gauntlet | Found a transporter.
  2445 | Gauntlet | Found a transporter.
  2450 | Gauntlet | Found a transporter.
  2452 | Gauntlet | Noticed a red ugly thing
  2453 | Gauntlet | Noticed a purple ugly thing
  2454 | Gauntlet | Noticed a great orb of eyes
  2456 | Gauntlet | Noticed a necromancer
  2465 | Gauntlet | Found a transporter.
  2482 | Gauntlet | Noticed a death yak
  2483 | Gauntlet | Noticed a death yak
  2484 | Gauntlet | Noticed a death yak
  2484 | Gauntlet | Found a transporter.
  2484 | Gauntlet | Noticed a death yak
  2496 | Gauntlet | Found a transporter.
  2506 | Gauntlet | Noticed a wretched star
  2508 | Gauntlet | Found a transporter.
  2518 | Gauntlet | Noticed a fire crab
  2520 | Gauntlet | Found a transporter.
  2530 | Gauntlet | Noticed a molten gargoyle
  2534 | Gauntlet | Noticed a gargoyle
  2535 | Gauntlet | Found a transporter.
  2537 | Gauntlet | Noticed a gargoyle
  2539 | Gauntlet | Noticed a catoblepas
  2541 | Gauntlet | Noticed a molten gargoyle
  2549 | Gauntlet | Found a transporter.
  2566 | Gauntlet | Found a transporter.
  2568 | Gauntlet | Found a transporter.
  2570 | Gauntlet | Noticed a satyr
  2597 | Gauntlet | Noticed a cane toad
  2737 | Lair:3   | Noticed a cane toad
  2747 | Lair:3   | Killed a cane toad
  2748 | Lair:3   | Reached XP level 11. HP: 46/91 MP: 8/19
  2799 | Lair:3   | Reached skill level 5 in Air Magic
  2831 | Lair:3   | Reached skill level 10 in Summonings
  2890 | Lair:4   | Noticed a black mamba
  2897 | Lair:4   | Killed a black mamba
  2900 | Lair:4   | Noticed an eight-headed hydra
  2913 | Lair:4   | Killed an eight-headed hydra
  2939 | Lair:4   | Noticed an oklob plant
  2942 | Lair:4   | Found a staircase to the Slime Pits.
  2950 | Lair:4   | Noticed an oklob plant
  3298 | D:8      | Reached XP level 12. HP: 102/102 MP: 11/20
  3308 | D:8      | Found a hazy altar of Hepliaklqana.
  3308 | D:8      | Found a snail-covered altar of Cheibriados.
  3328 | D:8      | Became a worshipper of Cheibriados the Contemplative
  3344 | D:8      | Found a radiant altar of Vehumet.
  3438 | D:9      | Reached * piety under Cheibriados
  3602 | Lair:2   | Reached skill level 11 in Summonings
  3748 | Lair:5   | Entered Level 5 of the Lair of Beasts
  3751 | Lair:5   | Noticed a death yak
  3751 | Lair:5   | Noticed a death yak
  3756 | Lair:5   | Noticed a six-headed hydra
  3758 | Lair:5   | Noticed a death yak
  3759 | Lair:5   | Noticed a death yak
  3763 | Lair:5   | Noticed a death yak
  3763 | Lair:5   | Noticed a death yak
  3783 | Lair:5   | Slain by a death yak

Illustrated notes

Levels and vault maps discovered:
D:1:      nicolae_arrival_memento_mori, layout_basic
D:2:      layout_loops_ring, shapermc_ecumenical_altar_venn, minmay_hedge_maze
D:3:      layout_rooms, nicolae_overflow_hidden_temple, serial_glass,
          glass_columns_a, glass_columns_a, kennysheep_another_room,
          st_stairs_14, uniq_jessica, uniq_terence
D:4:      layout_rooms, serial_shops, nicolae_lakefront_shop, moated_statue,
          uniq_grinder
D:5:      layout_basic, serial_shops, nicolae_lakefront_shop, shop,
          nicolae_shop_crystal, nicolae_shop_overgrown_old_shop
D:6:      layout_loops_ring, minitemple, minmay_temple_entry_glassed_door
D:7:      layout_loops_ring, lemuel_flame_loot_1, uniq_crazy_yiuf_cottage
D:8:      layout_gridville, mainiacjoe_overflow_cross_hatched,
          chequers_temple_overflow_statue_of_worship, serial_shops,
          nicolae_stop_n_shop_2, ebering_dispersal_statue_hall,
          supply_closet_lemuel, minmay_fractal_squares_diagonal_5, uniq_amaemon,
          uniq_psyche, uniq_pikel, uniq_prince_ribbit1, uniq_maurice
D:9:      minmay_blocky_corners, layout_basic, evilmike_ruin_ashenzari,
          david_lair_generic, minmay_crystal_room, solitary_fountain,
          uniq_gastronok
Temple:   hellmonk_temple_two_chambers
Lair:1:   layout_misc_corridors
Lair:2:   layout_regular_city, palyth_hydra_swamp_entry, gauntlet_entry_generic,
          minivault_27
Lair:3:   layout_chaotic_city, spider_nest_entry_webs, st_stairs_4,
          uniq_josephine
Lair:4:   layout_layer_cave, minmay_slime_entry_oklob_open, st_stairs_10
Lair:5:   grunt_lair_end_beastmaster, layout_hall_layers, serial_bayou_shore_b,
          infiniplex_staircase_pool_2

Skill      XL: |  1  2  3  4  5  6  7  8  9 10 11 12 |
---------------+-------------------------------------+-----
Spellcasting   | 3 4 5 |  5.0
Summonings     | 1 2 3 4 6 8 9 10 11 | 11.1
Hexes          | 1 2 3 |  3.0
Fighting       | 2 3 4 5 6 8 |  8.8
Translocations | 1 2 4 5 6 |  6.0
Staves         | 1 2 4 |  4.6
Unarmed Combat | 5 6 8 9 |  9.1
Transmutations | 4 6 7 8 |  8.6
Air Magic      | 2 4 6 7 |  7.5
Dodging        | |  2.4

Action                   |  1- 3 |  4- 6 |  7- 9 | 10-12 || total
-------------------------+-------+-------+-------+-------++-------
Melee: Unarmed           |    52 |     2 |     6 |   107 ||   167
       Headbutt          |     4 |     4 |    10 |       ||    18
       Kick              |     7 |     8 |    18 |       ||    33
       Punch             |     1 |       |       |       ||     1
       Quarterstaff      |       |    44 |   133 |    19 ||   196
 Cast: Beastly Appendage |    11 |     6 |    18 |       ||    35
       Wereblood         |     2 |     3 |    10 |     1 ||    16
       Summon Mana Viper |       |       |     1 |    16 ||    17
       Ice Form          |       |       |     1 |    14 ||    15
       Summon Forest     |       |       |     1 |    11 ||    12
  Use: Potion            |     2 |       |     1 |     6 ||     9
       Scroll            |       |     1 |     3 |     2 ||     6
 Stab: Distracted        |       |       |       |     2 ||     2
Armor: Robe              |    14 |     6 |    23 |     5 ||    48
       Skin              |    27 |     2 |    36 |    31 ||    96
Dodge: Dodged            |    11 |    16 |    59 |    33 ||   119
Block: Other             |    12 |     9 |    38 |    19 ||    78
       Reflection        |       |       |     2 |       ||     2

Table legend: (Time is in decaauts)
 A = Elapsed time spent in this place.
 B = Non-inter-level travel time spent in this place.
 C = Inter-level travel time spent in this place.
 D = Time resting spent in this place.
 E = Time spent auto-exploring this place.
 F = Levels seen in this place.
 G = Mean time per level.
                   A        B        C        D        E       F      G
               +--------+--------+--------+--------+--------+-----+--------+
         Total |   3929 |   3721 |    208 |      0 |      0 |  16 |  245.6 |
       Dungeon |   2650 |   2481 |    169 |      0 |      0 |   9 |  294.4 |
        Temple |     11 |     11 |      0 |      0 |      0 |   1 |   11.0 |
          Lair |   1078 |   1039 |     39 |      0 |      0 |   5 |  215.6 |
      Gauntlet |    188 |    188 |      0 |      0 |      0 |   1 |  188.0 |
               +--------+--------+--------+--------+--------+-----+--------+

Top non-repeatable levels by time:
     D:5: 540 daAuts
     D:2: 403 daAuts
  Lair:2: 390 daAuts
     D:7: 354 daAuts
     D:3: 335 daAuts
  Lair:4: 317 daAuts
     D:4: 316 daAuts
  Lair:3: 223 daAuts
     D:8: 210 daAuts
     D:6: 193 daAuts
Gauntlet: 188 daAuts
     D:9: 161 daAuts
     D:1: 135 daAuts
  Lair:1: 107 daAuts
  Lair:5: 40 daAuts
